 Dungeon Crawl Stone Soup version 0.29-a0-834-g1e95ca9f62 (webtiles) character file.

Game seed: 14953207321456439558

109 zeratav the Stinger (level 4, -2/23 (27) HPs)
             Began as an Octopode Venom Mage on July 12, 2022.
             Slain by Jessica
             ... wielding a +0 dagger of draining
              (4 damage)
             ... on level 3 of the Dungeon.
             The game lasted 00:02:33 (2743 turns).

zeratav the Stinger (Octopode Venom Mage)           Turns: 2743, Time: 00:02:34

HP:   -2/23 (27)    AC:  1    Str: 19    XL:     4   Next: 89%
MP:   2/7           EV: 13    Int: 19    God:
Gold: 145           SH:  0    Dex: 12    Spells: 6/7 levels left

rFire   . . .      SeeInvis .   q - +0 dagger (elec) {short}
rCold   . . .      Faith    .   (no shield)
rNeg    . . .      Spirit   .   (helmet restricted)
rPois   +          Reflect  .   (no amulet)
rElec   .          Harm     .   k - ring of poison resistance
rCorr   .          Rampage  .   c - +6 ring of strength
Will    .....                   t - +6 ring of strength
Stlth   ++++......              (no ring)
HPRegen 0.07/turn               (no ring)
MPRegen 0.10/turn               (no ring)
                                (no ring)
                                (no ring)

@: very slightly contaminated, heavily drained
A: almost no armour, amphibious, 8 rings, camouflage 1, gelatinous body 1,
(nimble swimmer 1), tentacles
a: no special abilities


You were on level 3 of the Dungeon.
You visited 1 branch of the dungeon, and saw 3 of its levels.

You collected 145 gold pieces.


Innate Abilities, Weirdness & Mutations

You cannot wear most types of armour.
You are amphibious.
You can wear up to eight rings at the same time.
Your skin changes colour to match your surroundings (Stealth+).
Your rubbery body absorbs attacks. (AC +1, EV +1)
((You are camouflaged when in or above water. (Stealth+)))
You have tentacles for arms and can constrict up to eight enemies at once.


   Skills:
 - Level 2.0 Dodging
 - Level 5.0 Stealth
 - Level 2.0 Spellcasting
 - Level 1.0 Transmutations
 + Level 5.5 Poison Magic


You had 6 spell levels left.
You knew the following spells:

 Your Spells              Type           Power      Damage    Failure   Level
a - Sting                 Tmut/Pois      56%        1d5       4%          1

Your spell library contained the following spells:

 Spells                   Type           Power      Damage    Failure   Level
 Poisonous Vapours        Pois/Air       24%        N/A       9%          2
 Olgreb's Toxic Radiance  Pois           22%        N/A       17%         4
 Mephitic Cloud           Conj/Pois/Air  8%         N/A       24%         3
 Ozocubu's Armour         Ice            1%         N/A       45%         3
 Metabolic Englaciation   Hex/Ice        0%         N/A       99%         5
 Simulacrum               Ice/Necr       0%         N/A       100%        6

Inventory:

Hand Weapons
 q - a +0 dagger of electrocution (weapon) {short}
   (You found it on level 3 of the Dungeon)
Jewellery
 c - a +6 ring of strength (right tentacle)
   (You found it on level 3 of the Dungeon)
 k - a ring of poison resistance (left tentacle)
   (You found it on level 2 of the Dungeon)
 t - a +6 ring of strength (on tentacle)
   (You found it on level 3 of the Dungeon)
Wands
 u - a wand of flame (25)
   (You took it off Ijyb on level 3 of the Dungeon)
Scrolls
 b - 5 scrolls of teleportation {unknown}
 d - a scroll of fog {unknown}
 h - a scroll of amnesia {unknown}
 l - 2 scrolls of identify {unknown}
 m - a scroll of enchant weapon {unknown}
 p - a scroll of silence {unknown}
Potions
 a - a potion of magic
 e - 2 potions of degeneration {unknown}
 f - 3 potions of curing {unknown}
 g - 2 potions of haste {unknown}
 i - a potion of might {unknown}
 j - a potion of lignification {unknown}
 n - a potion of mutation {unknown}
 o - a potion of heal wounds {unknown}
 r - 2 potions of resistance {unknown}
 s - a potion of attraction {unknown}

Dungeon Overview and Level Annotations

Branches:
Dungeon (3/15) Zot: 15253

Altars:

Shops:
D:1 !

Annotations:
D:3 Jessica

.....#..........###......#
#..>...####.##### ###...##
.......####.###########.#
####...#................#
####........#############
.......##....##########
####.#...#.#..##......#
#.###...##.##......#
#............@†....#
##########....@....#
####......# #.<...>#
#......# ########


You could see Jessica (poisoned).


Message History

No target in view!
Found a stone staircase leading up.
You see here a +0 sling.
A worm comes into view.
A worm is nearby!
The helpless worm fails to defend itself.
You impale the worm!!
You kill the worm!
No target in view!
No target in view!
No target in view!
No target in view!
You see here a quokka skeleton.
An adder comes into view.
Search for what [? for help]? sling
Found a stone staircase leading down.
The helpless adder fails to defend itself.
You puncture the adder!
You kill the adder!
No target in view!
No target in view!
No target in view!
No target in view!
You see here a +0 dagger {short}.
Jessica and a hobgoblin come into view.
Jessica is wielding a +0 dagger of draining and carrying a wand of flame (6).
Found a stone staircase leading down.
Jessica shouts!
Jessica shouts, "You're disturbing me!
I'll have to kill you!"
Jessica zaps a wand.
The puff of flame hits you!
HP[-7]
You take 7 damage, and now have 20/27 hp.
MASSIVE DAMAGE!! (PAUSE)
Casting: Sting (safe; 4% risk of failure)
Confirm with . or Enter, or press ? or * to list all spells.
Aiming: Sting (safe; 4% risk of failure)
Press: ? - help, Shift-Dir - straight line, f - hobgoblin
Aim: a hobgoblin (wandering, hasn't noticed you, 71% to hit)
The sting hits the hobgoblin.
The hobgoblin is poisoned.
The hobgoblin shouts!
MP[-1]
You lost 1 mp, and now have 6/7 mp.
Casting: Sting (safe; 4% risk of failure)
Confirm with . or Enter, or press ? or * to list all spells.
Aiming: Sting (safe; 4% risk of failure)
Press: ? - help, Shift-Dir - straight line, f/p - hobgoblin
Aim: a hobgoblin (heavily wounded, poisoned, 71% to hit)
The sting hits the hobgoblin but does no damage.
The hobgoblin looks even sicker.
MP[-1]
You lost 1 mp, and now have 5/7 mp.
Casting: Sting (safe; 4% risk of failure)
Confirm with . or Enter, or press ? or * to list all spells.
Aiming: Sting (safe; 4% risk of failure)
Press: ? - help, Shift-Dir - straight line, f/p - hobgoblin
Aim: a hobgoblin (heavily wounded, very poisoned, 71% to hit)
You miscast Sting.
You are very lightly contaminated with residual magic.
Nothing appears to happen.
The hobgoblin hits you.
HP[-5] MP[-1]
You take 5 damage, and now have 15/27 hp.
You lost 1 mp, and now have 4/7 mp.
You hit the hobgoblin. You grab the hobgoblin. You squeeze the hobgoblin.
You constrict the hobgoblin.
You kill the hobgoblin!
Jessica hits you with a +0 dagger of draining!
* * * LOW HITPOINT WARNING * * *
You feel drained.
* * * LOW HITPOINT WARNING * * *
HP[-9]
You now have 25 max hp (-2).
You take 9 damage, and now have 6/25 hp.
MASSIVE DAMAGE!! (PAUSE)
Casting: Sting (safe; 4% risk of failure)
Confirm with . or Enter, or press ? or * to list all spells.
Aiming: Sting (safe; 4% risk of failure)
Press: ? - help, Shift-Dir - straight line, f - Jessica
Aim: Jessica, wielding a +0 dagger of draining, wearing a +2 robe and carrying a wand of flame (5) (71% to hit)
The sting misses Jessica.
Jessica barely misses you.
MP[-1]
You lost 1 mp, and now have 3/7 mp.
Casting: Sting (safe; 4% risk of failure)
Confirm with . or Enter, or press ? or * to list all spells.
Aiming: Sting (safe; 4% risk of failure)
Press: ? - help, Shift-Dir - straight line, f/p - Jessica
Aim: Jessica, wielding a +0 dagger of draining, wearing a +2 robe and carrying a wand of flame (5) (71% to hit)
The sting hits Jessica.
Jessica is poisoned.
Jessica gestures wildly.
Jessica hits you with a +0 dagger of draining.
* * * LOW HITPOINT WARNING * * *
You feel drained.
HP[-4] MP[-1]
You now have 23 max hp (-2).
You take 4 damage, and now have 2/23 hp.
You lost 1 mp, and now have 2/7 mp.
You hit Jessica but do no damage. Your grab misses Jessica.
Your squeeze misses Jessica.
Jessica hits you with a +0 dagger of draining.
You die...

Skill      XL: |  1  2  3  4 |
---------------+-------------+-----
Stealth        | 3 4 5 |  5.0
Poison Magic   | 4 5 |  5.5
Dodging        | |  2.0
Spellcasting   | |  2.0
Transmutations | |  1.0

Action                   |  1- 3 |  4- 6 || total
-------------------------+-------+-------++-------
Melee: Short sword       |    57 |       ||    57
       Constrict         |    16 |     3 ||    19
       Tentacles         |    10 |     2 ||    12
       Dagger            |     5 |    12 ||    17
       Punch             |     1 |       ||     1
 Cast: Sting             |     4 |    10 ||    14
 Stab: Sleeping          |     7 |     5 ||    12
Armor: Skin              |     3 |       ||     3
Dodge: Dodged            |    28 |     7 ||    35

Levels and vault maps discovered:
D:1:      scummos_arrival_checkerplants, layout_rooms,
          shapermc_ecumenical_altar_notcrosses, serial_shops, shop,
          serial_bayou_lagoon_a, amcnicky_mini_rare_corridor_liquid,
          st_stairs_4, minmay_misc_feat_nine_boxes, columned_hall_lemuel
D:2:      wander_river, layout_basic
D:3:      layout_rooms, serial_park_tiny_pond, uniq_ijyb, uniq_jessica

Notes
Turn   | Place    | Note
-------+----------+-------------------------------------------
     0 | D:1      | zeratav the Octopode Venom Mage began the quest for the
                  | Orb.
     0 | D:1      | Reached XP level 1. HP: 11/11 MP: 3/3
     0 | D:1      | magus.rc [v1.9.6]
   106 | D:1      | Found Uleiwnes's Distillery.
   142 | D:1      | Reached skill level 3 in Stealth
   146 | D:1      | Reached XP level 2. HP: 11/17 MP: 0/5
   149 | D:1      | Reached skill level 4 in Poison Magic
   914 | D:1      | Found a faded altar of an unknown god.
  1473 | D:2      | Reached skill level 4 in Stealth
  1473 | D:2      | Reached XP level 3. HP: 19/21 MP: 6/6
  1744 | D:2      | Identified the +0 robe of the Echidna {rF+ Archmagi}
  2270 | D:3      | You pick up a book of Winter and begin reading...
  2270 | D:3      | You add the spells Ozocubu's Armour, Metabolic Englaciation
                  | and Simulacrum to your library.
  2286 | D:3      | Reached XP level 4. HP: 27/27 MP: 7/7
  2378 | D:3      | Noticed Ijyb
  2434 | D:3      | Killed Ijyb
  2435 | D:3      | Reached skill level 5 in Stealth
  2435 | D:3      | Reached skill level 5 in Poison Magic
  2734 | D:3      | Noticed Jessica
  2740 | D:3      | HP: 6/25 [Jessica/+0 dagger of draining (2)]
  2742 | D:3      | HP: 2/25 [Jessica/+0 dagger of draining (4)]
  2743 | D:3      | Slain by Jessica

Vanquished Creatures
  Ijyb (D:3)
  3 adders
  3 worms
  2 dart slugs (D:3)
  4 ball pythons
  3 endoplasms
  5 goblins
  3 hobgoblins
  3 jackals (D:1)
  5 kobolds
  2 quokkas (D:3)
  2 bats
  A frilled lizard (D:2)
  4 rats
41 creatures vanquished.

Table legend:
 A = Non-vault XP
 B = Vault XP
 C = Vault XP percentage of total XP
 D = Non-vault monster count
 E = Vault monster count
 F = Vault count percentage of total count
                 A         B        C        D         E       F
            +---------+---------+-------+---------+---------+-------
      Total |     113 |      43 |  27.6 |      38 |       3 |   7.3
            +---------+---------+-------+---------+---------+-------
        D:1 |      21 |       4 |  16.0 |      13 |       2 |  13.3
        D:2 |      31 |       0 |   0.0 |      10 |       0 |   0.0
        D:3 |      61 |      39 |  39.0 |      15 |       1 |   6.2
            +---------+---------+-------+---------+---------+-------

Illustrated notes

Table legend:
 A = Kills in this place as a percentage of kills in entire the game.
 B = Kills by you in this place as a percentage of kills by you in the entire game.
 C = Kills by friends in this place as a percentage of kills by friends in the entire game.
 D = Other kills in this place as a percentage of other kills in the entire game.
 E = Experience gained in this place as a percentage of experience gained in the entire game.
 F = Experience gained in this place divided by the number of levels of this place that you have seen.
                   A       B       C       D       E      F
               +-------+-------+-------+-------+-------+----------------------
         Total | 100.0 | 100.0 |   N/A |   N/A | 100.0 |  52.0
       Dungeon | 100.0 | 100.0 |   N/A |   N/A | 100.0 |  52.0
               +-------+-------+-------+-------+-------+----------------------

Table legend: (Time is in decaauts)
 A = Elapsed time spent in this place.
 B = Non-inter-level travel time spent in this place.
 C = Inter-level travel time spent in this place.
 D = Time resting spent in this place.
 E = Time spent auto-exploring this place.
 F = Levels seen in this place.
 G = Mean time per level.
                   A        B        C        D        E       F      G
               +--------+--------+--------+--------+--------+-----+--------+
         Total |   2745 |   2689 |     56 |     96 |   2283 |   3 |  915.0 |
       Dungeon |   2745 |   2689 |     56 |     96 |   2283 |   3 |  915.0 |
               +--------+--------+--------+--------+--------+-----+--------+

Top non-repeatable levels by time:
     D:1: 1083 daAuts
     D:2: 966 daAuts
     D:3: 695 daAuts
